[Event "*** Titled Tuesday Blitz"]
[Site "Chess.com"]
[Date "2021.03.16"]
[Round "7"]
[White "1977Ivan"]
[Black "Konavets"]
[Result "0-1"]
[WhiteElo "2803"]
[BlackElo "2943"]
[TimeControl "180+1"]
[EndTime "11:16:15 PDT"]
[Termination "Konavets won by resignation"]

1. e4 c6 2. d4 d5 3. e5 Bf5 4.
h4 Qb6 5. Ne2 h5 6. a4 e6 7. a5 Qc7 8. Ng3 Bg6 9. Be2 c5 10. Bb5+ Nc6 11. a6 b6 12. c4 O-O-O 13. Bg5 Nxd4 14. O-O Be7 15. Bxe7 Nxe7 16. Nc3 Qxe5 17.
cxd5 Nxd5 18. Bc4 Nf4 19. Qe1 Qxe1 20. Raxe1 Bd3 21. Bxd3 Nxd3 22. Re3 Nxb2 23. Nge4 Nc4 24. Rg3 g6 25. Ng5 Rd7 26. Re1 b5 27. Nce4 Rc7 28. Kh2 Rd8 29. Rc3 Rd5 30. f3 Re5 31. Rb1 f5 32.
Rxc4 fxe4 33. Rxd4 cxd4 34. Nxe4 Rd5 35. Kg3 d3 36.
Rb2 Rc2 37. Rb1 d2 38. Rd1 Rc1 39. Rxd2 Rxd2 40. Nxd2 b4 41. Kf4 Rc3 42. Ke4 Ra3 43. Nc4 Rxa6 44. Kd4 b3 0-1

[Event "*** Titled Tuesday Blitz"]
[Site "Chess.com"]
[Date "2021.03.16"]
[Round "7"]
[White "Agnes66678"]
[Black "Storne89"]
[Result "0-1"]
[WhiteElo "2445"]
[BlackElo "2625"]
[TimeControl "180+1"]
[EndTime "11:16:15 PDT"]
[Termination "Storne89 won by resignation"]

1. d4 Nf6 2. c4 c5 3. d5 b5 4. cxb5 a6 5. bxa6 g6 6. Nc3 Bg7 7. e4 O-O 8. e5 Ne8 9. Nf3 d6 10.
h4 Bg4 11. h5 gxh5 12. e6 fxe6 13. dxe6 Nc6 14. Be2 Nc7 15. Ng5 Ne5 16. f4 Bxe2 17. Qxe2 Ng4 18. Rxh5 Nf6 19. Rh3 Qc8 20. f5 Qxa6 21.
Qxa6 Nxa6 22. Bd2 Nb4 23. Kd1 Ng4 24. Rxh7 Rxf5 25. Be1 Rxg5 0-1

[Event "*** Titled Tuesday Blitz"]
[Site "Chess.com"]
[Date "2021.03.16"]
[Round "7"]
[White "VladaSviridova"]
[Black "akanga001"]
[Result "0-1"]
[WhiteElo "2208"]
[BlackElo "1984"]
[TimeControl "180+1"]
[EndTime "11:16:16 PDT"]
[Termination "akanga001 won on time"]

1. d4 Nf6 2. c4 b6 3. Nc3 Bb7 4. d5 d6 5. e4 g6 6. Nge2 Bg7 7.
g3 O-O 8. Bg2 c5 9. O-O Nbd7 10.
f4 a6 11. a4 Qc7 12. h3 e6 13. dxe6 fxe6 14. Qd3 Rad8 15. Be3 Nb8 16. Rad1 Nc6 17.
Qd2 Nb4 18. Nc1 d5 19. cxd5 exd5 20. exd5 Nfxd5 21. Nxd5 Nxd5 22. Bxd5+ Rxd5 23. Qxd5+ Bxd5 24. Rxd5 Qc6 25. Rfd1 Qxa4 0-1

[Event "*** Titled Tuesday Blitz"]
[Site "Chess.com"]
[Date "2021.03.16"]
[Round "7"]
[White "jacky72"]
[Black "Problematique_99"]
[Result "1-0"]
[WhiteElo "2696"]
[BlackElo "2476"]
[TimeControl "180+1"]
[EndTime "11:16:22 PDT"]
[Termination "jacky72 won on time"]

1. d4 Nf6 2. Bg5 e6 3. e4 h6 4. Bxf6 Qxf6 5. Nc3 d6 6. Qd2 Nd7 7. f4 a6 8. O-O-O Qe7 9. Nf3 b5 10. f5 Bb7 11. fxe6 Qxe6 12. e5 dxe5 13. Nxe5 Nxe5 14.
dxe5 Be7 15. Nd5 Bxd5 16. Qxd5 Qxd5 17. Rxd5 Rd8 18. Rxd8+ Bxd8 19. a4 c6 20. Be2 Bg5+ 21. Kb1 Ke7 22. Bf3 Rc8 23. Re1 Bd2 24. Rd1 Bf4 25. e6 fxe6 26. g3 Bd6 27. Bg4 Rf8 28.
Re1 Rf6 29. Ka2 bxa4 30. Re2 g6 31. c3 h5 32. Bh3 e5 33. Bg2 Kd7 34. Be4 Kc7 35.
Bd3 a5 36. Bc2 a3 37. bxa3 g5 38. Kb3 g4 39. a4 Rf3 40. Bg6 h4 41. gxh4 1-0

[Event "*** Titled Tuesday Blitz"]
[Site "Chess.com"]
[Date "2021.03.16"]
[Round "7"]
[White "gxbg2000"]
[Black "suneebaker"]
[Result "1-0"]
[WhiteElo "1982"]
[BlackElo "2201"]
[TimeControl "180+1"]
[EndTime "11:16:24 PDT"]
[Termination "gxbg2000 won by resignation"]

1. e4 e5 2. Nf3 Nc6 3. d4 exd4 4. Nxd4 Qh4 5. Nc3 Bb4 6. Nb5 Qxe4+ 7. Be2 Kd8 8. O-O Qg6 9. Bd3 Qf6 10. Nd5 Qe5 11.
Nbxc7 Nf6 12. Bf4 Qxb2 13. Rb1 Qd4 14. Be3 Qe5 15. Nxb4 Qxc7 16. Nxc6+ bxc6 17. Qf3 Qa5 18. Bd4 Kc7 19. Qg3+ d6 20. Qxg7 Rg8 21. Qxf6 Be6 22. Rfe1 Qd5 23. Qe7+ Kc8 24. Qb7+ Kd8 25. Bf6+ 1-0

[Event "*** Titled Tuesday Blitz"]
[Site "Chess.com"]
[Date "2021.03.16"]
[Round "7"]
[White "Msb2"]
[Black "youngKID"]
[Result "1-0"]
[WhiteElo "2917"]
[BlackElo "2787"]
[TimeControl "180+1"]
[EndTime "11:16:28 PDT"]
[Termination "Msb2 won on time"]

1. d4 Nf6 2. Nf3 g6 3. Nc3 Bg7 4. e4 d6 5. Be3 O-O 6. Qd2 Ng4 7. Bg5 h6 8. Bh4 c5 9. d5 Nd7 10. h3 Nge5 11. Nxe5 Nxe5 12. f4 Nd7 13. Be2 b5 14. Nxb5 Bxb2 15. Rb1 Bf6 16. Bxf6 Nxf6 17. Bf3 Rb8 18.
O-O Bd7 19. Na3 Qc7 20. Qc3 Rxb1 21. Rxb1 Rb8 22. Re1 Qb7 23. Qe3 Ne8 24. e5 Ng7 25. e6 fxe6 26. dxe6 Bc6 27. Rb1 Qxb1+ 28. Nxb1 Rxb1+ 29.
Kh2 Nf5 30. Qf2 Bxf3 31. Qxf3 h5 32. Qa8+ Kg7 33. g4 hxg4 34. hxg4 Nh6 35. Qe8 Nxg4+ 36. Kg3 Rg1+ 37. Kf3 1-0

[Event "*** Titled Tuesday Blitz"]
[Site "Chess.com"]
[Date "2021.03.16"]
[Round "7"]
[White "SharapovEvgeny"]
[Black "Joker_Gumble"]
[Result "1-0"]
[WhiteElo "2481"]
[BlackElo "2327"]
[TimeControl "180+1"]
[EndTime "11:16:28 PDT"]
[Termination "SharapovEvgeny won by checkmate"]

1. c4 e6 2. Nc3 d5 3. cxd5 exd5 4. d4 c6 5. Nf3 f5 6. Bg5 Nf6 7. e3 Bd6 8. Bd3 O-O 9. O-O h6 10. Bf4 Ne4 11. Bxd6 Qxd6 12. Ne5 Nd7 13. f4 Nxe5 14.
fxe5 Qe7 15. Bxe4 fxe4 16. Rxf8+ Qxf8 17. Qh5 Qf7 18. Qxf7+ Kxf7 19. b4 a6 20. a4 Bd7 21.
a5 Ke7 22. Na4 Rf8 23. Rf1 Rxf1+ 24. Kxf1 Bc8 25. h4 g6 26. Kf2 Ke6 27. g4 g5 28.
hxg5 hxg5 29. Kg3 Kf7 30. Nc5 Ke7 31. Nb3 Kf7 32. Nd2 Ke7 33. Nf1 Kf7 34. Kh3 Bd7 35. Ng3 Kg6 36. Nf5 Bxf5 37. gxf5+ Kxf5 38. Kg3 Kg6 39. Kg4 Kh6 40. Kf5 Kh5 41. e6 g4 42. e7 g3 43.
e8=Q+ Kh6 44. Qh8# 1-0

[Event "*** Titled Tuesday Blitz"]
[Site "Chess.com"]
[Date "2021.03.16"]
[Round "7"]
[White "kreonx"]
[Black "MuhittinBuker"]
[Result "1-0"]
[WhiteElo "2324"]
[BlackElo "2184"]
[TimeControl "180+1"]
[EndTime "11:16:28 PDT"]
[Termination "kreonx won on time"]

1. e4 e5 2. Nf3 Nc6 3. d4 exd4 4. Nxd4 Bc5 5. Be3 Qf6 6. c3 Nge7 7. g3 d5 8. Bg2 dxe4 9. Nd2 Nxd4 10. Nxe4 Qc6 11. O-O O-O 12. cxd4 Bb6 13. Bg5 Nd5 14. Rc1 Qg6 15. h4 Be6 16. h5 Qf5 17. h6 f6 18.
hxg7 Rf7 19. Bh6 Qg6 20. Qd2 Bxd4 21. Qxd4 Qxh6 22. Nc5 1-0

[Event "*** Titled Tuesday Blitz"]
[Site "Chess.com"]
[Date "2021.03.16"]
[Round "7"]
[White "Paladin61"]
[Black "BogdanDeac"]
[Result "1-0"]
[WhiteElo "2799"]
[BlackElo "2975"]
[TimeControl "180+1"]
[EndTime "11:16:29 PDT"]
[Termination "Paladin61 won by resignation"]

1. b3 e5 2. Bb2 Nc6 3. e3 d5 4.
Bb5 Bd6 5. f4 Qh4+ 6. g3 Qe7 7.
Nf3 f6 8. Nc3 Be6 9. fxe5 fxe5 10. d4 e4 11. Ne5 Bxe5 12. Bxc6+ bxc6 13. Qh5+ Qf7 14. Qxf7+ Kxf7 15. dxe5 Bh3 16. Ne2 Ne7 17. Nf4 Bg4 18. O-O Bf3 19. e6+ Kf8 20. Nh5 Rg8 21.
Rxf3+ exf3 22. Rf1 Ng6 23. Ba3+ Ke8 24. Rxf3 Nf8 25.
Rxf8+ Rxf8 26. Nxg7+ Kd8 27. e7+ 1-0

[Event "*** Titled Tuesday Blitz"]
[Site "Chess.com"]
[Date "2021.03.16"]
[Round "7"]
[White "mishanick"]
[Black "Jumbo"]
[Result "1-0"]
[WhiteElo "3026"]
[BlackElo "2831"]
[TimeControl "180+1"]
[EndTime "11:16:30 PDT"]
[Termination "mishanick won by resignation"]

1. e4 e6 2. d4 d5 3. Nc3 Nf6 4.
e5 Nfd7 5. f4 c5 6. Nf3 Nc6 7. Be3 a6 8. Qd2 b5 9. a3 Be7 10. dxc5 Nxc5 11. b4 Ne4 12. Nxe4 dxe4 13. Qxd8+ Bxd8 14. Nd2 f5 15. exf6 Bxf6 16. O-O-O a5 17.
Bxb5 Bd7 18. Nxe4 axb4 19. a4 Nb8 20. Rxd7 Nxd7 21. Rd1 O-O-O 22. Nd6+ Kc7 23. Nf7 Nb6 24. Rxd8 Rxd8 25. Nxd8 Bxd8 26. Bd4 Bf6 27. Bc5 Nd5 28. g3 g5 29. fxg5 Bxg5+ 30. Kb2 h5 31. Kb3 h4 32.
a5 hxg3 33. hxg3 1-0

[Event "*** Titled Tuesday Blitz"]
[Site "Chess.com"]
[Date "2021.03.16"]
[Round "7"]
[White "WiktoriaPOL"]
[Black "Kurkusha"]
[Result "0-1"]
[WhiteElo "2115"]
[BlackElo "2353"]
[TimeControl "180+1"]
[EndTime "11:16:30 PDT"]
[Termination "Kurkusha won by resignation"]

1. c4 e6 2. Nc3 d5 3. d4 Nf6 4. cxd5 exd5 5. Bg5 Be7 6. e3 c6 7. Bd3 O-O 8. Qc2 h6 9. Bh4 Re8 10. Nge2 Ne4 11. Bxe7 Qxe7 12. O-O Nd7 13. Rae1 Ndf6 14. f3 Nxc3 15. Nxc3 Qd6 16. Qf2 Be6 17. h3 Rad8 18. Ne2 c5 19. dxc5 Qxc5 20. Nd4 Qb4 21. a3 Qb6 22.
Rc1 Rc8 23. Qd2 Nd7 24. b4 Ne5 25. Be2 Nc4 26. Bxc4 dxc4 27. Kh1 Qa6 28. Nxe6 Rxe6 29. Qc3 b5 30. e4 Qb6 31. Rcd1 Rd8 32. Rd2 Rxd2 33.
Qxd2 Rd6 34. Qc2 Qd4 35. a4 a6 36. axb5 axb5 37. Ra1 Qxa1+ 38. Kh2 Qe5+ 39. Kh1 Qd4 40.
Qa2 c3 41. Qa8+ Kh7 42. Qc8 Rg6 43. Kh2 Qf2 0-1

[Event "*** Titled Tuesday Blitz"]
[Site "Chess.com"]
[Date "2021.03.16"]
[Round "7"]
[White "Oleksandr_Bortnyk"]
[Black "Gahan-MG"]
[Result "0-1"]
[WhiteElo "2903"]
[BlackElo "2687"]
[TimeControl "180+1"]
[EndTime "11:16:33 PDT"]
[Termination "Gahan-MG won on time"]

1. e4 c5 2. c3 Nf6 3. e5 Nd5 4. d4 cxd4 5. Nf3 d6 6. cxd4 Nc6 7. Nc3 Nxc3 8. bxc3 dxe5 9. d5 e4 10. dxc6 Qxd1+ 11. Kxd1 exf3 12. Bb5 Kd8 13. Bf4 bxc6 14. Bxc6 fxg2 15.
Bxg2 Bg4+ 16. Kc2 Bf5+ 17. Kb2 Rc8 18. Rad1+ Ke8 19. Rd5 e6 20. Re1 Be7 21. Ra5 Bc5 22.
Bb7 Bxf2 23. Re2 Rc5 24. Rd2 Rxa5 25. Bc6+ Ke7 26. Rxf2 Rc8 27. Bb7 Rb5+ 0-1

[Event "*** Titled Tuesday Blitz"]
[Site "Chess.com"]
[Date "2021.03.16"]
[Round "7"]
[White "ural58"]
[Black "Pantata007"]
[Result "1-0"]
[WhiteElo "2525"]
[BlackElo "2334"]
[TimeControl "180+1"]
[EndTime "11:16:35 PDT"]
[Termination "ural58 won on time"]

1. e4 e5 2. f4 exf4 3. Bc4 Nf6 4. Nc3 c6 5. Bb3 d5 6. exd5 cxd5 7. d4 Nc6 8. Bxf4 Bb4 9. Nf3 Ne4 10. O-O Nxc3 11.
bxc3 Bxc3 12. Rb1 O-O 13. Qd3 Ba5 14. Ng5 g6 15. c3 Bf5 16. Qg3 Bxb1 17. Rxb1 h6 18.
Nf3 Kg7 19. Ne5 Nxe5 20. Bxe5+ Kh7 21. Rf1 Rc8 22. Rf3 Qg5 23. Qe1 f6 24. Bf4 Qf5 25.
Bd2 Qd7 26. Rh3 h5 27. Bc2 Kg7 28. Qg3 Qf7 29. Rxh5 Rfe8 30. Bh6+ Kg8 31. Bxg6 Re1+ 32.
Qxe1 Qxg6 33. Qe6+ Kh7 34. Rh3 Rxc3 35. Be3+ Kg7 36. Qe7+ 1-0

[Event "*** Titled Tuesday Blitz"]
[Site "Chess.com"]
[Date "2021.03.16"]
[Round "7"]
[White "anon132639"]
[Black "GigaQuparadze"]
[Result "0-1"]
[WhiteElo "2752"]
[BlackElo "2936"]
[TimeControl "180+1"]
[EndTime "11:16:36 PDT"]
[Termination "GigaQuparadze won on time"]

1. e4 c5 2. Nf3 e6 3. b4 cxb4 4. a3 Nf6 5. e5 Nd5 6. axb4 Bxb4 7. c3 Be7 8. d4 d6 9. Bd3 dxe5 10. dxe5 Nd7 11.
O-O Nc5 12. Bc2 O-O 13. Qe2 Bd7 14. Nd4 Qc7 15. f4 Na6 16. Bd2 Bc5 17. Qe4 g6 18. Kh1 Rac8 19. Bd3 Bb6 20. Rxa6 bxa6 21. f5 Bxd4 22.
cxd4 Bb5 23. f6 Bxd3 24. Qxd3 Qc4 25. Qf3 Qxd4 26. Re1 Rc2 27. Qh3 h5 28. Qg3 Rxd2 29.
Nxd2 Qxd2 30. Rb1 Rc8 0-1

[Event "*** Titled Tuesday Blitz"]
[Site "Chess.com"]
[Date "2021.03.16"]
[Round "7"]
[White "DonPreuss"]
[Black "VladimirBugayev"]
[Result "0-1"]
[WhiteElo "2289"]
[BlackElo "2276"]
[TimeControl "180+1"]
[EndTime "11:16:36 PDT"]
[Termination "VladimirBugayev won by checkmate"]

1. d4 Nf6 2. Nc3 d5 3. e4 Nxe4 4. Nxe4 dxe4 5. Bc4 Bf5 6. c3 e6 7. Ne2 Nd7 8. Ng3 Bg6 9. Qe2 Nf6 10. Bg5 Be7 11. Bxf6 Bxf6 12. Nxe4 Be7 13. O-O O-O 14.
Rad1 c6 15. f4 b5 16. Bb3 a5 17. a3 a4 18. Ba2 Qc7 19. Ng3 c5 20. dxc5 Qxc5+ 21. Kh1 Rfd8 22. Bb1 Bxb1 23. Rxb1 Rd5 24. Rbe1 Bh4 25. Qg4 Bxg3 26. Qxg3 Rad8 27. Re2 g6 28. h3 Rd2 29. Rff2 Rxe2 30. Rxe2 Rd1+ 31. Kh2 Qg1# 0-1

[Event "*** Titled Tuesday Blitz"]
[Site "Chess.com"]
[Date "2021.03.16"]
[Round "7"]
[White "Forantes"]
[Black "MaevskiyNikolay"]
[Result "0-1"]
[WhiteElo "2421"]
[BlackElo "2554"]
[TimeControl "180+1"]
[EndTime "11:16:39 PDT"]
[Termination "MaevskiyNikolay won on time"]

1. Nf3 Nc6 2. d4 d5 3. g3 Bf5 4. Bg2 Nb4 5. Na3 e6 6. O-O Nf6 7. c3 Na6 8. Qb3 Qc8 9. Nh4 Bg4 10. Re1 Be7 11. h3 Bh5 12. g4 Bg6 13. Nxg6 hxg6 14. Bf4 c6 15. c4 Qd7 16. Rac1 O-O 17.
Red1 Rfd8 18. c5 Re8 19. Nc2 Qc8 20. Ne1 Bd8 21. Nd3 Nd7 22. e4 dxe4 23. Bxe4 Nf6 24. Bg2 Nd5 25. Bd6 Be7 26. Ne5 Nac7 27. Qf3 Rf8 28. Bxe7 Nxe7 29. Nc4 Ne8 30. h4 Qd8 31. Qd3 Nd5 32. Qd2 Qxh4 33. Ne5 Nef6 34. f3 Qg3 35.
Qg5 Nf4 36. Rc2 Nh3+ 0-1

[Event "*** Titled Tuesday Blitz"]
[Site "Chess.com"]
[Date "2021.03.16"]
[Round "7"]
[White "campomania3"]
[Black "Hangar-18"]
[Result "1-0"]
[WhiteElo "2182"]
[BlackElo "2323"]
[TimeControl "180+1"]
[EndTime "11:16:42 PDT"]
[Termination "campomania3 won by checkmate"]

1. d4 Nf6 2. c4 e6 3. Nc3 c5 4. d5 exd5 5. cxd5 d6 6. e4 g6 7. f4 Bg7 8. e5 Nfd7 9. Ne4 dxe5 10. Nd6+ Kf8 11. Nf3 exf4 12. Bxf4 Nf6 13. Ng5 Bg4 14. Qb3 Qe7+ 15. Kf2 c4 16. Qxc4 Nbd7 17. Re1 Qd8 18.
Ndxf7 Qb6+ 19. Be3 Qxb2+ 20. Be2 Bxe2 21. Rxe2 Ng4+ 22.
Kg3 Nxe3 23. Rxe3 h6 24. Rf1 hxg5 25. Nxg5+ Kg8 26. d6# 1-0

[Event "*** Titled Tuesday Blitz"]
[Site "Chess.com"]
[Date "2021.03.16"]
[Round "7"]
[White "DvaHrasta"]
[Black "Bacyanide"]
[Result "0-1"]
[WhiteElo "2518"]
[BlackElo "2422"]
[TimeControl "180+1"]
[EndTime "11:16:43 PDT"]
[Termination "Bacyanide won on time"]

1. c4 e6 2. g3 d5 3. Bg2 Nf6 4. Nf3 Be7 5. O-O O-O 6. d4 c5 7. cxd5 exd5 8. dxc5 Bxc5 9. a3 Ne4 10. b4 Be7 11.
Bb2 Bf6 12. Ra2 Nc6 13. Bxf6 Qxf6 14. Qxd5 Be6 15. Qxe4 Bxa2 16. b5 Na5 17. Qb4 b6 18.
Nc3 Be6 19. Nd4 Rac8 20. Nc6 Nxc6 21. bxc6 Qe5 22. Nb5 a5 23. Qb1 Bd5 24. Na7 Bxg2 25. Kxg2 Rc7 26. Qxb6 Ra8 27. Rd1 h5 28. Qb5 Qxb5 29.
Nxb5 Rxc6 30. Rd5 g6 31. h4 a4 32. Rd4 Rc2 33. Kf3 Ra2 34. Rb4 Rb8 0-1

[Event "*** Titled Tuesday Blitz"]
[Site "Chess.com"]
[Date "2021.03.16"]
[Round "7"]
[White "Ural_bogatyr"]
[Black "gurelediz"]
[Result "0-1"]
[WhiteElo "2496"]
[BlackElo "2665"]
[TimeControl "180+1"]
[EndTime "11:16:45 PDT"]
[Termination "gurelediz won by resignation"]

1. e4 c6 2. d4 d5 3. e5 Bf5 4. Nc3 e6 5. g4 Bg6 6. Nge2 h6 7. h4 Nd7 8. f4 Be4 9. Nxe4 dxe4 10.
Bg2 c5 11. Bxe4 cxd4 12. Qxd4 Bc5 13. Qa4 Ne7 14. b4 Bb6 15. c4 a5 16. Bxb7 Ra7 17.
Bc6 Nxc6 18. Qxc6 axb4 19. Bd2 O-O 20. Bxb4 Ba5 21. Bc3 Bxc3+ 22. Nxc3 Qa5 23. Qf3 Rc8 24. O-O Rxc4 25. Ne4 Rc2 26. a3 Rb7 27. Rf2 Rbb2 28. Rxc2 Rxc2 29. g5 Nc5 30. gxh6 Nxe4 31. Qxe4 Qb6+ 32.
Kh1 Qf2 33. Qxc2 Qxc2 34. Rg1 Qe4+ 35. Rg2 Qe1+ 36. Rg1 Qxh4+ 0-1

[Event "*** Titled Tuesday Blitz"]
[Site "Chess.com"]
[Date "2021.03.16"]
[Round "7"]
[White "chess4life23"]
[Black "Pinkito"]
[Result "0-1"]
[WhiteElo "2291"]
[BlackElo "2443"]
[TimeControl "180+1"]
[EndTime "11:16:49 PDT"]
[Termination "Pinkito won by resignation"]

1. d4 e6 2. Nf3 f5 3. g3 Nf6 4.
Bg2 Be7 5. O-O O-O 6. b3 d6 7.
Bb2 a5 8. a3 a4 9. b4 Ne4 10.
c4 Bf6 11. Nbd2 c6 12. Rc1 Nd7 13. Nxe4 fxe4 14. Nd2 d5 15. e3 b5 16. cxd5 cxd5 17. f3 exf3 18. Bxf3 Bb7 19. e4 Qb6 20. Rc5 Nxc5 21.
bxc5 Qa5 22. Bg4 dxe4 23. Bxe6+ Kh8 24. Nb1 b4 25. axb4 Qxb4 26. Bc3 Qb5 27. Na3 Qe8 28. Bf5 Rd8 29. Nc4 e3 30. Nd6 Rxd6 31. cxd6 e2 32. d7 exd1=Q 0-1

[Event "*** Titled Tuesday Blitz"]
[Site "Chess.com"]
[Date "2021.03.16"]
[Round "7"]
[White "profofchess"]
[Black "Fortitudine"]
[Result "1-0"]
[WhiteElo "2432"]
[BlackElo "2291"]
[TimeControl "180+1"]
[EndTime "11:16:50 PDT"]
[Termination "profofchess won on time"]

1. e4 c5 2. Nf3 d6 3. d4 cxd4 4. Qxd4 Nc6 5. Qe3 Bd7 6. Be2 g6 7.
O-O Bg7 8. Rd1 Qa5 9. Nc3 Nf6 10. h3 O-O 11. Nd5 Rac8 12. Bd2 Qd8 13. c4 b6 14. Bc3 Nxd5 15. exd5 Na5 16. Bxg7 Kxg7 17. Qd4+ Kg8 18.
b4 Nb7 19. Qh4 f6 20. Nd4 Rf7 21. Bd3 Rg7 22. Re1 a5 23. a3 Ra8 24. Nc6 Qf8 25.
Qe4 Re8 26. Qe3 axb4 27. axb4 e5 28. Qxb6 Nd8 29. Ra7 Bxc6 30. dxc6 1-0

[Event "*** Titled Tuesday Blitz"]
[Site "Chess.com"]
[Date "2021.03.16"]
[Round "7"]
[White "Andreikka"]
[Black "CrazyMartian"]
[Result "1-0"]
[WhiteElo "2877"]
[BlackElo "2257"]
[TimeControl "180+1"]
[EndTime "11:16:54 PDT"]
[Termination "Andreikka won by resignation"]

1. b3 d5 2. Bb2 c6 3. Nf3 Nf6 4. e3 Bf5 5. d4 h6 6. Bd3 Bxd3 7. Qxd3 e6 8. O-O Nbd7 9. Nbd2 Be7 10. e4 dxe4 11. Nxe4 Nxe4 12. Qxe4 Nf6 13. Qe2 O-O 14. Rad1 a5 15. a4 Qd5 16. Ne5 Rad8 17. Rfe1 Bb4 18.
c3 Be7 19. Qc2 c5 20. c4 Qd6 21. d5 exd5 22. cxd5 Qc7 23. Qc4 Bd6 24. f4 Rfe8 25. Re2 Nd7 26. Rde1 f6 27. Nxd7 Qxd7 28. Re6 Qf7 29. g3 Rxe6 30. Rxe6 Bf8 31. Bc3 Rd6 32. Bxa5 Rxe6 33. dxe6 Qe7 34. Qd5 Kh8 35. Bd8 Qd6 36.
Qxd6 Bxd6 37. e7 Bxe7 38. Bxe7 1-0

[Event "*** Titled Tuesday Blitz"]
[Site "Chess.com"]
[Date "2021.03.16"]
[Round "7"]
[White "jfriedel"]
[Black "KazakhFighter04"]
[Result "1-0"]
[WhiteElo "2638"]
[BlackElo "2744"]
[TimeControl "180+1"]
[EndTime "11:16:58 PDT"]
[Termination "jfriedel won by resignation"]

1. d4 d5 2. c4 Nc6 3. Nc3 dxc4 4. Nf3 Nf6 5. Bg5 Bf5 6. d5 Na5 7. Nd4 Bd7 8. e4 h6 9. Bh4 c5 10. Nf3 g5 11. Bg3 Bg7 12. e5 Nh5 13. Qc2 Nxg3 14. hxg3 g4 15. e6 gxf3 16. Qf5 Bf6 17. gxf3 Bc8 18.
O-O-O Qd6 19. Qh5 Rf8 20. f4 Kd8 21. Ne4 Bxb2+ 22. Kxb2 Qb6+ 23. Ka1 c3 24. Nxc3 Qb4 25. Qe5 f6 26. Qe3 Qa3 27. d6 Nb3+ 28. Kb1 exd6 29. e7+ Ke8 30. exf8=Q+ Kxf8 31. Rxd6 Nd4 32. Rd8+ Kg7 33.
Qe7+ Kg6 34. Rg8+ 1-0

[Event "*** Titled Tuesday Blitz"]
[Site "Chess.com"]
[Date "2021.03.16"]
[Round "7"]
[White "Oligan22"]
[Black "Piacramling"]
[Result "0-1"]
[WhiteElo "2477"]
[BlackElo "2356"]
[TimeControl "180+1"]
[EndTime "11:17:00 PDT"]
[Termination "Piacramling won by checkmate"]

1. e4 c5 2. Nf3 Nc6 3. d4 cxd4 4. Nxd4 e6 5. Nc3 Qc7 6. Be3 a6 7. a3 Nf6 8. f4 d6 9. Qf3 Nxd4 10. Bxd4 e5 11. Be3 exf4 12. Bxf4 Be6 13. h3 Be7 14. O-O-O O-O 15. g4 Nd7 16. Qg3 Ne5 17. Bd3 b5 18. Rhe1 Rab8 19. Nd5 Bxd5 20. exd5 b4 21. axb4 Rxb4 22.
Bxe5 dxe5 23. Qxe5 Bd6 24. Qf5 g6 25. Qf6 Rfb8 26.
Kd2 Rf4 27. Qh4 Qb6 28. Re4 Rf2+ 29. Re2 Bf4+ 30. Ke1 Rf3 31. Rg2 Bg3+ 32. Rxg3 Qf2# 0-1

[Event "*** Titled Tuesday Blitz"]
[Site "Chess.com"]
[Date "2021.03.16"]
[Round "7"]
[White "VinzentSpitzl"]
[Black "AttilaTurzo"]
[Result "1-0"]
[WhiteElo "2379"]
[BlackElo "2530"]
[TimeControl "180+1"]
[EndTime "11:17:03 PDT"]
[Termination "VinzentSpitzl won by checkmate"]

1. e4 c5 2. Nf3 Nc6 3. d4 cxd4 4.
Nxd4 Nf6 5. Nc3 d6 6. Bg5 e6 7. Qd2 a6 8. O-O-O Bd7 9. f3 Nxd4 10. Qxd4 b5 11. h4 Be7 12. g4 h5 13. gxh5 Rxh5 14. Be2 Qc7 15. f4 Rh8 16. e5 dxe5 17. fxe5 Ng8 18.
Ne4 Nh6 19. Nd6+ Kf8 20. Rdf1 Be8 21. Bxe7+ Qxe7 22. Rf4 Rd8 23. Qf2 Nf5 24. Nxf5 exf5 25. Rxf5 Bd7 26. Rf4 Be6 27. Kb1 Qd7 28. Bd3 Qd5 29.
Rg1 Qxa2+ 30. Kc1 Qa1+ 31. Kd2 Qxb2 32. Qc5+ Kg8 33. Qe7 Rd7 34. Qe8# 1-0

[Event "*** Titled Tuesday Blitz"]
[Site "Chess.com"]
[Date "2021.03.16"]
[Round "7"]
[White "SaqoChess_Twitch"]
[Black "ridnani2021"]
[Result "1-0"]
[WhiteElo "2496"]
[BlackElo "2348"]
[TimeControl "180+1"]
[EndTime "11:17:04 PDT"]
[Termination "SaqoChess_Twitch won by resignation"]

1. d4 Nf6 2. e3 g6 3. Nf3 Bg7 4.
Be2 O-O 5. O-O d5 6. b3 c5 7.
Bb2 Nc6 8. Nbd2 b6 9. Ne5 Nxe5 10. dxe5 Nd7 11. f4 Bb7 12. c4 Qc7 13. cxd5 Bxd5 14.
Bf3 Bxf3 15. Qxf3 Rad8 16. Nc4 Nb8 17. Rfd1 Nc6 18. Rxd8 Rxd8 19. Rd1 Rxd1+ 20. Qxd1 Qd8 21. Qxd8+ Nxd8 22. Kf2 f6 23. exf6 exf6 24. Ke2 f5 25. Bxg7 Kxg7 26. Kd3 Nc6 27. a3 Kf6 28. e4 fxe4+ 29.
Kxe4 Nd4 30. b4 Nb3 31. g4 cxb4 32. axb4 Nc1 33. b5 Ne2 34. Na3 Ke6 35. h3 Nc3+ 36.
Kd4 Ne2+ 37. Ke3 Nc3 38. Kd3 Nd5 39. Ke4 Nc3+ 40. Kf3 Kd5 41. h4 Ne4 42. f5 gxf5 43. gxf5 Nd6 44. Kf4 Nf7 45. Kg4 Ke5 46. Nc4+ Kd5 47.
Nd2 Ke5 48. Nf3+ Kf6 49. Kf4 Nd6 50. Ng5 Nxf5 51. Nxh7+ Kg6 52. h5+ Kxh7 53. Kxf5 Kh6 54. Kg4 Kh7 55. Kg5 Kg7 56. h6+ Kh7 57. Kh5 Kh8 58.
Kg6 Kg8 59. h7+ Kh8 60. Kh6 1-0

[Event "*** Titled Tuesday Blitz"]
[Site "Chess.com"]
[Date "2021.03.16"]
[Round "7"]
[White "abeljusto"]
[Black "whogeeyao"]
[Result "0-1"]
[WhiteElo "2163"]
[BlackElo "2325"]
[TimeControl "180+1"]
[EndTime "11:17:06 PDT"]
[Termination "whogeeyao won by resignation"]

1. d4 Nf6 2. Bf4 g6 3. Nc3 Bg7 4. e4 O-O 5. Qd2 c5 6. dxc5 Qa5 7. Nf3 Qb4 8. Bd3 Qxb2 9. O-O Na6 10. Rab1 Qa3 11. e5 Nh5 12. Be3 d6 13. cxd6 exd6 14. Nb5 Qxa2 15. Nxd6 Be6 16. Rxb7 Rfb8 17. Rxa7 Rxa7 18.
Bxa7 Rd8 19. Bb6 Rb8 20. Bd4 Nc7 21. h3 Nd5 22. Ra1 Rb1+ 23. Rxb1 Qxb1+ 24. Kh2 Nhf4 25. c4 Qxd3 26. Qxd3 Nxd3 27. cxd5 Bxd5 28. Ng5 Nxe5 29. Bxe5 Bxe5+ 30. g3 Bxd6 0-1

[Event "*** Titled Tuesday Blitz"]
[Site "Chess.com"]
[Date "2021.03.16"]
[Round "7"]
[White "mbojan"]
[Black "Zhigalko_Sergei"]
[Result "0-1"]
[WhiteElo "2652"]
[BlackElo "2942"]
[TimeControl "180+1"]
[EndTime "11:17:08 PDT"]
[Termination "Zhigalko_Sergei won on time"]

1. Nf3 d5 2. g3 c6 3. Bg2 Bg4 4. O-O Nd7 5. d4 Ngf6 6. Nbd2 e6 7.
c3 Be7 8. Re1 O-O 9. e4 h6 10.
h3 Bh5 11. exd5 cxd5 12. Nf1 b5 13. Bf4 a5 14. g4 Bg6 15. Ne5 Nxe5 16. Bxe5 b4 17. c4 dxc4 18. Bxa8 Qxa8 19. Rc1 Rc8 20. Ne3 c3 21. bxc3 bxc3 22. d5 Ne4 23. d6 Bh4 24. Rc2 Ng5 25. d7 Rd8 26. Bc7 Nf3+ 27. Kf1 Bxc2 0-1

[Event "*** Titled Tuesday Blitz"]
[Site "Chess.com"]
[Date "2021.03.16"]
[Round "7"]
[White "Shuvalov"]
[Black "juli2512"]
[Result "1-0"]
[WhiteElo "2490"]
[BlackElo "2212"]
[TimeControl "180+1"]
[EndTime "11:17:10 PDT"]
[Termination "Shuvalov won by resignation"]

1. b4 e5 2. Bb2 f6 3. e4 a5 4. b5 d5 5. exd5 Qxd5 6. Nc3 Qd8 7. Bc4 Nd7 8. Bxg8 Rxg8 9. Qh5+ g6 10. Qxh7 Rg7 11. Qh8 Kf7 12. Nge2 Nb6 13. d3 a4 14. O-O a3 15. Bc1 Be6 16. Be3 Qd7 17. Qh4 Be7 18.
f4 exf4 19. Qxf4 Rh8 20. Ne4 Bf5 21. N2g3 Qxb5 22. Nxf5 Qxf5 23. Qg3 Qd5 24. Qxc7 Qc6 25. Rxf6+ Kg8 26. Rxc6 1-0